 Dungeon Crawl Stone Soup version 0.26.0-18-gc5c842f807 (webtiles) character file.

Game seed: 5938946055913091861

45 iamoutofideas the Chiller (level 3, -11/24 HPs)
             Began as a Demonspawn Ice Elementalist on Jan 22, 2021.
             Mangled by a gnoll
             ... wielding a +0 flail
              (13 damage)
             ... on level 2 of the Dungeon.
             The game lasted 00:02:40 (1198 turns).

iamoutofideas the Chiller (DsIE)                    Turns: 1198, Time: 00:02:41

Health: -11/24     AC:  2    Str:  8    XL:     3   Next: 42%
Magic:  5/7        EV: 12    Int: 17    God:
Gold:   85         SH:  0    Dex: 13    Spells: 6/7 levels left

rFire    . . .     SeeInvis .   i - +1 short sword (venom)
rCold    . . .     Faith    .   (no shield)
rNeg     + . .     Spirit   .   a - +0 robe
rPois    .         Reflect  .   (helmet restricted)
rElec    .         Harm     .   (no cloak)
rCorr    .         Rampage  .   (no gloves)
Will     .....     Rnd*Tele +   (no boots)
Stlth    ++........             (no amulet)
HPRegen  0.08/turn              b - ring of positive energy
MPRegen  0.10/turn              g - ring of teleportation (curse)

@: no status effects
A: antennae 2
a: no special abilities


You were on level 2 of the Dungeon.
You visited 1 branch of the dungeon, and saw 2 of its levels.

You collected 85 gold pieces.

Inventory:

Hand Weapons
 i - a +1 short sword of venom (weapon)
Missiles
 f - 8 silver javelins
Armour
 a - a +0 robe (worn)
 j - a +0 pair of boots
Jewellery
 b - a ring of positive energy (left hand)
 g - a cursed ring of teleportation (right hand)
Scrolls
 c - 3 scrolls of identify {unknown}
 e - 2 scrolls of remove curse {unknown}
 h - a scroll of teleportation {unknown}
 l - a scroll of immolation {unknown}
 m - a scroll of enchant weapon {unknown}
 n - a scroll of amnesia {unknown}
Potions
 d - a potion of brilliance {unknown}
 k - a potion of ambrosia {unknown}
 o - a potion of invisibility {unknown}


   Skills:
 - Level 1.7 Dodging
 - Level 1.7 Stealth
 + Level 2.9 Spellcasting
 + Level 4.2 Ice Magic


You had 6 spell levels left.
You knew the following spells:

 Your Spells              Type           Power        Failure   Level
a - Freeze                Ice            64%          3%          1

Your spell library contained the following spells:

 Spells                   Type           Power        Failure   Level
 Frozen Ramparts          Ice            32%          10%         3
 Ozocubu's Armour         Ice            16%          10%         3
 Hailstorm                Conj/Ice       9%           58%         4
 Summon Ice Beast         Ice/Summ       9%           58%         4


Dungeon Overview and Level Annotations

Branches:
Dungeon (2/15)

Altars:


Innate Abilities, Weirdness & Mutations

You have a pair of antennae on your head.


Message History

The gnoll is lightly wounded.
The gnoll hits you with a +0 flail!
Ouch! That really hurt!
Casting: Freeze (safe; 3% risk of failure)
Confirm with . or Enter, or press ? or * to list all spells.
Okay, then.
A kobold comes into view. It is wielding a +0 whip.
The kobold shouts!
You hit the kobold.
The kobold is severely wounded.
The kobold hits you with a +0 whip.
The gnoll hits you from afar with a +0 spear.
* * * LOW HITPOINT WARNING * * *
The kobold closely misses you. The kobold hits you with a +0 whip.
* * * LOW HITPOINT WARNING * * *
There is a stone staircase leading up here.
The gnoll hits you with a +0 flail!
Ouch! That really hurt!
You die...

#########
##...#...##
##.........##
#.@g........#
#..Kg.......#
#.....g.....#
##..([.....######
##...#.........###
##..###..........
.>......[......##
..#..###........#
.......####...###.#


You could see 3 gnolls and a kobold.

Vanquished Creatures
  A gnoll (D:2)
  2 oozes (D:1)
  A dart slug (D:1)
  A ball python (D:1)
  4 bats (D:1)
  A giant cockroach (D:1)
  4 hobgoblins (D:1)
  2 jackals (D:1)
  3 frilled lizards
  A kobold (D:1)
  6 rats (D:1)
26 creatures vanquished.

Notes
Turn   | Place    | Note
-------+----------+-------------------------------------------
     0 | D:1      | iamoutofideas the Demonspawn Ice Elementalist began the
                  | quest for the Orb.
     0 | D:1      | Reached XP level 1. HP: 13/13 MP: 3/3
   436 | D:1      | Gained mutation: You have a pair of small antennae on your
                  | head. [demonic ancestry]
   436 | D:1      | Reached XP level 2. HP: 18/19 MP: 3/5
   675 | D:1      | Reached skill level 4 in Ice Magic
   877 | D:1      | Gained mutation: You have a pair of antennae on your head.
                  | [demonic ancestry]
   877 | D:1      | Reached XP level 3. HP: 22/24 MP: 7/7
  1194 | D:2      | HP: 1/24 [kobold/+0 whip (2)]
  1198 | D:2      | Mangled by a gnoll

Illustrated notes

Levels and vault maps discovered:
D:1:      psy_arrival_conway, layout_basic
D:2:      layout_rooms

Skill      XL: |  1  2 |
---------------+-------+-----
Ice Magic      | 4 |  4.2
Dodging        | |  1.7
Stealth        | |  1.7
Spellcasting   | |  2.9

Action                   || total
-------------------------++-------
Melee: Unarmed           ||    11
       Short sword       ||    15
 Cast: Freeze            ||    35
 Stab: Sleeping          ||     3
Armor: Robe              ||    10
Dodge: Dodged            ||    41
